AoeStats
← Madrabaz

Arabian Desert

509304678Analyzed
1v1 RM · 6d ago on Sep 26, 2026· 24m 14s· 2 players
Game mode
Random Map
Map size
Tiny (2 player)
Population
200
Speed
Normal
Resources
Standard
Victory
Conquest
Starting age
Dark Age
Ending age
Imperial Age
RankedLock teamsTeams togetherTeam positionsShared explorationLock speedFull tech treeHidden civsTurbo modeCheats
Victory
Defeat
🇺🇸 Mapuche · United States
495
+18
🇹🇷 Saracens · Türkiye
531
-18
Tatertothaha
10:29 Feudal Age
11:04 Double-Bit Axe
11:01 Champi Runner
13:35 Horse Collar
16:37 Wheelbarrow
20:59 Castle Age
Madrabaz
11:07 Feudal Age
17:40 Man-at-Arms
26:26 Castle Age
Connection lost

Rejoining the realm…

Still unreachable

The connection could not be restored.

Session expired

The server has moved on; the page needs a fresh start.